 Dungeon Crawl Stone Soup version 0.32-a0-12-g7fc57aa741 (webtiles) character file.

Game seed: 8963012476342858608

232311 Jannitor the Nimble (level 18, 0/144 HPs)
             Began as a Demonspawn Reaver on Jan 13, 2024.
             Was an Initiate of Gozag.
             Killed by divine providence
             ... invoked by a daeva
              (10 damage)
             ... on level 4 of the Shoals on Jan 14, 2024.
             The game lasted 02:32:53 (58001 turns).

Jannitor the Nimble (Demonspawn Reaver)            Turns: 58001, Time: 02:32:54

Health: 0/144      AC: 12    Str: 14    XL:     18   Next: 82%
Magic:  0/34       EV: 27    Int: 22    God:    Gozag
Gold:   46         SH:  0    Dex: 13    Spells: 12/41 levels left

rFire   . . .        Z - +7 rapier (spect)
rCold   . . .        (no shield)
rNeg    . . .        e - +2 robe {Will+}
rPois   .            p - +2 helmet {Int+3}
rElec   .            r - scarf {shadows}
rCorr   .            (gloves unavailable)
SInv    .            J - +2 pair of slick slippers {slick, slippery, EV+4}
Will    +....        d - amulet of regeneration
Stlth   +++++        W - ring of flight
HPRegen 1.24/turn    E - ring of willpower
MPRegen 0.48/turn

%: guardian spirit
@: mighty, agile, weak-willed, on berserk cooldown, on blink cooldown, jinxed,
flying, slowed, very slow
A: powered by pain 3, magic shield, magic regeneration, sharp scales 3, demonic
touch 3, talons 1
}: 1/15 runes: gossamer
a: Renounce Religion, Potion Petition, Call Merchant, Bribe Branch


You were on level 4 of the Shoals.
You worshipped Gozag.
Gozag was noncommittal.
You visited 6 branches of the dungeon, and saw 31 of its levels.
You visited 1 bazaar.
You also visited: Ossuary, Bailey and Ice Cave.

You collected 12735 gold pieces.
You spent 2769 gold pieces at shops.
You paid 9920 gold pieces to Gozag.

Inventory:

Hand Weapons
 M - a +1 rapier of speed
 Z - a +7 spectral rapier (weapon)
Missiles
 I - 5 throwing nets
Armour
 e - a +2 robe of willpower (worn)
 p - a +2 helmet of intelligence (worn)
 r - a scarf of shadows (worn)
 J - the +2 pair of slick slippers (worn) {slick, slippery, EV+4}
   (You bought it in a shop on level 2 of the Orcish Mines)

   Slick:     Its wearer cannot be constricted, engulfed, netted or webbed.
   Slippery:  Its wearer slips away from damaging melee attacks, pulling the
   attacker onward.
   EV+4:      It affects your evasion (+4).
Jewellery
 d - an amulet of regeneration (around neck)
 q - the ring "Sead" {Ice +Blink rElec}
   (You took it off a reaper in an ice cave)

   [ring of ice]

   Ice:       It enhances your ice magic.
   rF-:       It makes you vulnerable to fire.
   rC+:       It protects you from cold.
   rElec:     It insulates you from electricity.
   +Blink:    It lets you blink.
 u - a ring of see invisible
 E - a ring of willpower (right hand)
 N - a ring of poison resistance
 W - a ring of flight (left hand)
 X - a ring of protection from fire
Wands
 v - a wand of mindburst (12)
 w - a wand of digging (5)
 A - a wand of flame (17)
 O - a wand of roots (25)
 Q - a wand of paralysis (5)
 T - a wand of polymorph (7)
Scrolls
 b - 4 scrolls of poison
 c - 7 scrolls of teleportation
 g - 8 scrolls of immolation
 i - a scroll of enchant weapon
 m - 2 scrolls of noise
 s - 9 scrolls of amnesia
 B - 11 scrolls of identify
 F - a scroll of butterflies
 K - a scroll of enchant armour
 P - 5 scrolls of vulnerability
 U - 5 scrolls of fear
 V - 3 scrolls of revelation
Potions
 f - 7 potions of magic
 h - 4 potions of attraction
 j - 3 potions of resistance
 k - 14 potions of curing
 n - a potion of heal wounds
 o - 6 potions of enlightenment
 t - 7 potions of mutation
 z - 4 potions of cancellation
 D - 5 potions of brilliance
 G - 2 potions of berserk rage
 H - 6 potions of ambrosia
 L - 3 potions of invisibility
 R - 7 potions of might
 S - 4 potions of lignification
 Y - a potion of haste
Miscellaneous
 a - a sack of spiders
 l - a condenser vane
 x - a phial of floods
 y - a phantom mirror
 C - a lightning rod (4/4)


   Skills:
 + Level 13.6 Fighting
 + Level 12.5 Short Blades
 + Level 3.3 Armour
 * Level 14.3 Dodging
 + Level 13.0 Stealth
 + Level 12.1 Spellcasting
 - Level 3.1 Conjurations
 + Level 13.8 Hexes
 - Level 9.6 Translocations
 - Level 7.0 Evocations


You had 12 spell levels left.
You knew the following spells:

 Your Spells              Type           Power      Damage    Failure   Level
a - Jinxbite              Hex            100%       N/A       1%          2
b - Confusing Touch       Hex            65%        N/A       1%          3
c - Manifold Assault      Tloc           54%        N/A       1%          4
d - Magic Dart            Conj           100%       1d8       1%          1
e - Kiss of Death         Conj/Necr      80%        2d11      2%          1
f - Yara's Violent Unrav  Hex/Alch       21%        3d10      8%          5
g - Blink                 Tloc           100%       N/A       1%          2
h - Lesser Beckoning      Tloc           100%       N/A       1%          2
i - Ensorcelled Hibernat  Hex/Ice        86%        N/A       1%          2
j - Enfeeble              Hex            32%        N/A       14%         7

Your spell library contained the following spells:

 Spells                   Type           Power      Damage    Failure   Level
 Momentum Strike          Conj/Tloc      82%        3d10      1%          2
 Searing Ray              Conj           54%        2d6       1%          2
 Necrotise                Necr           52%        1d6       4%          1
 Summon Small Mammal      Summ           52%        N/A       4%          1
 Call Imp                 Summ           26%        N/A       8%          2
 Hailstorm                Conj/Ice       20%        3d7       8%          3
 Mephitic Cloud           Conj/Alch/Air  17%        N/A       10%         3
 Call Canine Familiar     Summ           13%        N/A       14%         3
 Fugue of the Fallen      Necr           13%        N/A       14%         3
 Ozocubu's Armour         Ice            13%        N/A       14%         3
 Passwall                 Erth           13%        N/A       14%         3
 Swiftness                Air            13%        N/A       14%         3
 Vampiric Draining        Necr           13%        2d6       14%         3
 Fulminant Prism          Conj/Alch      10%        3d8       26%         4
 Iskenderun's Battlesphe  Conj           27%        2d8       36%         5
 Dispel Undead            Necr           13%        3d9       43%         4
 Leda's Liquefaction      Alch/Erth      6%         N/A       43%         4
 Olgreb's Toxic Radiance  Alch           13%        N/A       43%         4
 Summon Blazeheart Golem  Fire/Summ      13%        N/A       43%         4
 Fireball                 Conj/Fire      10%        3d6       56%         5
 Freezing Cloud           Conj/Ice/Air   8%         6-21      65%         5
 Discord                  Hex            32%        N/A       73%         8
 Borgnjor's Vile Clutch   Necr/Erth      6%         N/A       80%         5
 Lee's Rapid Deconstruct  Erth           6%         3d6*      80%         5
 Bombard                  Conj/Erth      10%        9d2       98%         6
 Conjure Ball Lightning   Conj/Air       10%        3x3d6     98%         6
 Starburst                Conj/Fire      10%        6d5       98%         6
 Death Channel            Necr           6%         N/A       100%        6
 Ozocubu's Refrigeration  Ice            6%         4d8       100%        7
 Spellforged Servitor     Conj/Summ      10%        N/A       100%        7
 Animate Dead             Necr           Unusable   N/A       N/A         4

Dungeon Overview and Level Annotations

Branches:
Dungeon (15/15)            Temple (0/1) D:6            Lair (5/5) D:10
 Shoals (4/4) Lair:2       Spider (4/4) Lair:2        Slime (0/5) Lair:4
    Orc (2/2) D:12            Elf (1/3) Orc:2        Vaults (0/5) D:14
 Depths (0/4) D:15        Ossuary (visited)          Bailey (visited)
  IceCv (visited)

Altars:
Ashenzari
Dithmenos
Gozag
Kikubaaqudgha
Nemelex Xobeh
Qazlal
Ru
Sif Muna
Trog
Uskayaw
Xom
Jiyva

Shops:
D:3 :   D:11 *!   D:12 ((((   Orc:2 !?[=   Shoals:1 [

Portals:
Abyss: D:11

Annotations:
D:10 2 runed translucent doors, hitsuchi's ghost, novice DsAl
D:11 2 transporters, martbhell's ghost, journeyman MiBe
D:15 Nessos


Innate Abilities, Weirdness & Mutations

You are powered by pain.
When hurt, damage is shared between your health and your magic reserves.
You regenerate magic rapidly.
You are completely covered in razor-sharp scales. (AC +3, Slay +3)
Your touch may irresistibly damage your foes and sap their willpower.
You have sharp toenails.


Message History

You puncture the daeva!
The daeva is heavily wounded.
Your +7 spectral rapier hits the daeva!
The daeva hits you with a +4 scimitar of holy wrath.
* * * LOW HITPOINT WARNING * * *
You convulse.
* * * LOW HITPOINT WARNING * * *
The daeva hits you with a +4 scimitar of holy wrath!
* * * LOW HITPOINT WARNING * * *
You convulse!
* * * LOW HITPOINT WARNING * * *
The water elemental closely misses you.
Your +7 spectral rapier disappears.
Unknown command.
You feel a strong urge to attack something.
The daeva calls down the wrath of the Shining One upon you.
The Shining One smites you!
* * * LOW HITPOINT WARNING * * *
The water elemental attacks as it pursues you!
The water elemental completely misses you.
You feel your anger nearly subside.
You are no longer berserk.
You are exhausted.
You feel yourself slow down.
Your surroundings seem slightly different.
The daeva calls down the wrath of the Shining One upon you.
The Shining One smites you!
* * * LOW HITPOINT WARNING * * *
Okay, then.
Unknown command.
Casting: Jinxbite (safe; 1% risk of failure)
Confirm with . or Enter, or press ? or * to list all spells.
Okay, then.
Unknown command.
Casting: Jinxbite (safe; 1% risk of failure)
Confirm with . or Enter, or press ? or * to list all spells.
You blink.
The daeva calls down the wrath of the Shining One upon you.
The Shining One smites you!
You die...
Your body crumbles into a pile of gold.

~~~≈≈≈≈≈~. ~≈≈≈≈~~~...~.~.≈≈
~≈≈≈≈≈≈~~# ~≈≈≈≈≈≈.~~.P.~≈≈≈
≈≈≈≈≈~~..#######P~~≈≈≈≈≈≈~~.~~≈≈≈
≈≈≈~~...##.....##~.~~≈≈≈≈≈≈~.~≈≈≈
≈~~P...##...<...##..~..≈≈≈≈≈≈≈≈≈≈
.......§.E(A...P..P.....~≈≈≈≈≈≈≈≈
........P..P..........P~.~.≈≈≈≈≈≈
P...)....P.§......P.[....~~~~≈≈≈≈
~...............@.....PP~~~~≈≈≈≈≈
P........P..............P~~.≈≈≈≈≈
.~......P............[.~P~~.≈≈≈≈≈
....P.....#'#...P......~~~.≈≈≈≈≈
....###.###......#~~~~≈≈≈≈≈≈ .P.#
... ##.....#..~~≈≈≈≈≈≈ .. ...
#..P.##.~P~≈≈≈≈≈≈ ..... ##...#
.~(≈≈≈≈≈≈ 8..m8 #..# ~≈≈≈≈≈≈≈


You could see a daeva.

Vanquished Creatures
  Frances (D:13)
  Kirke (D:13)
  11 emperor scorpions
  2 frost giants (Shoals:3)
  An orc warlord (Orc:1)
  4 ghost moths
  2 reapers (IceCv)
  4 broodmothers
  A deep elf annihilator (Elf:1)
  2 spark wasps
  3 fire dragons
  2 merfolk javelineers
  A yaktaur captain (D:14)
  7 merfolk impalers
  An entropy weaver (Spider:4)
  3 catoblepae
  5 hydras
  5 merfolk avatars
  An alligator snapping turtle (Shoals:4)
  3 jorogumos
  Erica (Lair:2)
  A merfolk aquamancer (Shoals:3)
  6 ogre magi
  4 radroaches
  7 boulder beetles
  3 centaur warriors
  A satyr (Shoals:3)
  11 two-headed ogres
  2 dancing weapons (Elf:1)
  3 death yaks
  6 tengu warriors
  5 demonic crawlers
  Sonja (Lair:3)
  4 orc high priests (Orc:2)
  3 deep elf knights (Elf:1)
  Urug (Lair:5)
  6 skeletal warriors
  4 pharaoh ants
  A fire crab (Lair:5)
  6 skysharks
  A cherub (Shoals:4)
  12 sea snakes
  5 spriggan simulacra (IceCv)
  11 orb spiders
  2 sun moths
  A bog body (IceCv)
  2 deep elf archers (Elf:1)
  A kraken simulacrum (Shoals:3)
  A harpy (shapeshifter) (D:15)
  5 steelbarb worms
  2 orc knights
  9 deep elf pyromancers
  7 harpies
  5 deep elf zephyrmancers
  11 fauns
  7 cyclopes
  14 elephants
  25 wolf spiders
  16 manticores
  7 meliai
  11 ugly things
  2 ice statues (Spider:1)
  11 merfolk sirens
  3 moths of wrath
  7 kobold blastminers
  2 molten gargoyles (Lair:5)
  3 water nymphs
  3 torpor snails
  8 black mambas
  2 gargoyles (D:12)
  11 cane toads
  3 unseen horrors
  A kobold demonologist (D:12)
  4 rime drakes
  An anaconda simulacrum (IceCv)
  3 yaktaurs
  7 freezing wraiths (IceCv)
  16 komodo dragons
  4 ice devils (IceCv)
  2 tengu conjurers
  7 trolls
  19 merfolk
  6 wind drakes
  A troll (shapeshifter) (D:8)
  6 polar bears
  4 hornets
  A queen bee (shapeshifter) (D:15)
  A wind drake (shapeshifter) (D:12)
  30 tarantellas
  25 blink frogs
  2 raiju (D:7)
  6 dream sheep
  8 snapping turtles
  An air elemental (Elf:1)
  8 slime creatures (D:14)
  33 jumping spiders
  18 culicivoras
  A shadow (D:11)
  3 wraiths
  12 spriggans (Lair:3)
  Sigmund (D:5)
  A dire elephant simulacrum (IceCv)
  A water elemental (D:13)
  44 yaks
  5 wyverns
  3 fire elementals (Elf:1)
  3 alligator snapping turtle simulacra (Shoals:3)
  Eustachio (D:5)
  3 hogs (D:13)
  A human (D:13)
  9 basilisks
  A steam dragon (D:8)
  12 wargs
  65 redbacks
  A vampire mosquito (D:12)
  2 death yak simulacra (Shoals:3)
  2 minotaur simulacra (IceCv)
  2 sea snake simulacra (Shoals:3)
  3 harpy simulacra
  4 hell hounds (Lair:5)
  5 acid dragons
  16 water moccasins
  Duvessa (D:5)
  6 black bears
  25 orc warriors
  A sky beast (D:8)
  9 ice beasts
  A satyr simulacrum (Shoals:3)
  2 ettin simulacra (IceCv)
  A tengu (shapeshifter) (D:11)
  3 boggarts (Lair:3)
  22 wolves
  3 centaurs
  16 ogres
  5 kobold brigands
  6 bullfrogs
  31 scorpions
  2 deep troll simulacra (IceCv)
  A faun simulacrum (Shoals:3)
  A merfolk simulacrum (Shoals:3)
  5 wights (D:8)
  Dowan (D:5)
  2 manticore simulacra (Shoals:3)
  2 snapping turtle simulacra (Shoals:3)
  14 killer bees
  A lindwurm simulacrum (IceCv)
  6 howler monkeys
  18 electric eels
  A centaur zombie (Ossuary)
  3 lava snakes (Lair:5)
  2 jellies
  17 orc priests
  A bombardier beetle (D:7)
  5 hounds
  2 cyclops simulacra (Shoals:3)
  2 iguanas (D:5)
  A sleepcap (D:6)
  15 orc wizards
  2 centaur simulacra (Shoals:3)
  4 crocodile zombies (Ossuary)
  3 mummies (Ossuary)
  7 adders
  3 gnolls (D:6)
  3 white imps
  4 ufetubi (D:6)
  2 dart slugs
  2 ribbon worms
  110 orcs
  10 ball pythons
  3 endoplasms
  A giant cockroach (D:2)
  3 goblins (D:2)
  7 hobgoblins
  4 jackals (D:4)
  7 quokkas
  4 bats
  10 frilled lizards (D:3)
  A gnoll zombie (Ossuary)
  22 kobolds
  5 rats
1212 creatures vanquished.

Vanquished Creatures (collateral kills)
  Rupert (D:13)
  A reaper (IceCv)
  2 yaks (Lair:2)
4 creatures vanquished.

Vanquished Creatures (others)
  A deep elf knight (Elf:1)
  A tengu conjurer (D:14)
  A scorpion (Spider:1)
  An orc priest (Orc:2)
  4 tentacles (Shoals:3)
8 creatures vanquished.

Grand Total: 1224 creatures vanquished

Notes
Turn   | Place    | Note
-------+----------+-------------------------------------------
     0 | D:1      | Jannitor the Demonspawn Reaver began the quest for the Orb.
     0 | D:1      | Reached XP level 1. HP: 16/16 MP: 3/3
   411 | D:1      | Gained mutation: You are partially covered in razor-sharp
                  | scales. (AC +1, Slay +1) [demonic ancestry]
   411 | D:1      | Reached XP level 2. HP: 17/17 MP: 5/5
   424 | D:1      | Reached skill level 2 in Dodging
   713 | D:2      | Gained mutation: Your touch may inflict minor irresistible
                  | damage on your foes. [demonic ancestry]
   713 | D:2      | Reached XP level 3. HP: 18/28 MP: 6/6
  1475 | D:2      | Gained mutation: You sometimes gain a little power by
                  | taking damage. [demonic ancestry]
  1475 | D:2      | Reached XP level 4. HP: 29/34 MP: 7/7
  2267 | D:3      | Found Vomeulua's Book Boutique.
  2435 | D:4      | Gained mutation: You sometimes gain power by taking damage.
                  | [demonic ancestry]
  2435 | D:4      | Reached XP level 5. HP: 37/41 MP: 9/9
  2439 | D:4      | Reached skill level 1 in Stealth
  2784 | D:4      | Reached skill level 3 in Dodging
  3133 | D:4      | Noticed a black bear
  3141 | D:4      | Killed a black bear
  3142 | D:4      | Reached XP level 6. HP: 43/47 MP: 10/10
  3170 | D:4      | Found a shimmering blue altar of Sif Muna.
  3486 | D:5      | Entered Level 5 of the Dungeon
  3954 | D:5      | Noticed an ice beast
  3964 | D:5      | Killed an ice beast
  3965 | D:5      | Reached XP level 7. HP: 40/53 MP: 10/12
  4232 | D:5      | Noticed Eustachio
  4274 | D:5      | Killed Eustachio
  4407 | D:5      | Reached skill level 4 in Dodging
  4567 | D:5      | Noticed Duvessa
  4567 | D:5      | Noticed Dowan
  4589 | D:5      | Killed Duvessa
  4590 | D:5      | Gained mutation: Your touch may inflict irresistible damage
                  | on your foes. [demonic ancestry]
  4590 | D:5      | Reached XP level 8. HP: 36/61 MP: 8/14
  4599 | D:5      | Killed Dowan
  4653 | D:5      | Noticed Sigmund
  4659 | D:5      | Killed Sigmund
  4732 | D:5      | Reached skill level 5 in Fighting
  4732 | D:5      | Reached skill level 5 in Short Blades
  4857 | D:5      | Learned a level 2 spell: Blink
  4860 | D:5      | Learned a level 2 spell: Lesser Beckoning
  5148 | D:6      | Reached skill level 1 in Translocations
  5170 | D:6      | Found an opulent altar of Gozag.
  5178 | D:6      | Became a worshipper of Gozag Ym Sagoz the Greedy
  5316 | D:6      | Found a sand-covered staircase.
  5324 | Ossuary  | Entered an ossuary
  5518 | Ossuary  | Reached skill level 5 in Spellcasting
  5917 | D:6      | Found a staircase to the Ecumenical Temple.
  6192 | D:7      | Found a flagged portal.
  6201 | Bailey   | Entered a bailey
  6277 | Bailey   | Found a large runed translucent door.
  6277 | Bailey   | Found a large runed translucent door.
  6278 | Bailey   | Noticed a deep elf zephyrmancer
  6299 | Bailey   | Noticed an orc knight
  6370 | Bailey   | Reached skill level 5 in Dodging
  6370 | Bailey   | Gained mutation: You are powered by pain. [demonic
                  | ancestry]
  6370 | Bailey   | Reached XP level 9. HP: 25/68 MP: 13/16
  6520 | Bailey   | Learned a level 1 spell: Magic Dart
  6672 | Bailey   | Killed a deep elf zephyrmancer
  6687 | Bailey   | Identified the +5 scimitar of Causality {freeze, rPois
                  | Str+3 Int+3}
  7006 | D:7      | Found a sparkling altar of Nemelex Xobeh.
  7013 | D:7      | Reached skill level 5 in Stealth
  7025 | D:7      | Found an ancient bone altar of Kikubaaqudgha.
  7364 | D:3      | Bought a book of Misfortune for 408 gold pieces
  7367 | D:3      | Learned a level 2 spell: Jinxbite
  7659 | D:7      | Reached skill level 1 in Hexes
  8070 | D:7      | Found a shadowy altar of Dithmenos.
  8073 | D:7      | Found a sacrificial altar of Ru.
  8705 | D:8      | Reached skill level 1 in Evocations
  8790 | D:8      | Gained mutation: Your touch may irresistibly damage your
                  | foes and sap their willpower. [demonic ancestry]
  8790 | D:8      | Reached XP level 10. HP: 76/77 MP: 16/18
  8858 | D:8      | Paralysed by a hornet for 1 turns
  9693 | D:8      | Reached skill level 6 in Dodging
  9948 | D:8      | Noticed a lindwurm
  9960 | D:8      | a lindwurm changed into a troll
  9965 | D:8      | Noticed a centaur warrior
  9982 | D:8      | Killed a centaur warrior
 10825 | D:10     | Entered Level 10 of the Dungeon
 10827 | D:10     | Found a large runed translucent door.
 10827 | D:10     | Found a large runed translucent door.
 10841 | D:10     | Found a staircase to the Lair.
 10884 | D:9      | Reached skill level 5 in Hexes
 10980 | D:10     | Reached XP level 11. HP: 59/84 MP: 9/20
 11111 | D:10     | Learned a level 5 spell: Yara's Violent Unravelling
 11156 | D:10     | Identified the +6 quarterstaff of Darkness {venom, rC-
                  | rCorr Int+3}
 11492 | D:10     | Found a broken altar of Ashenzari.
 11555 | D:10     | Found a stormy altar of Qazlal.
 11982 | D:10     | Noticed hitsuchi's ghost (novice DsAl)
 12239 | D:11     | Noticed a boulder beetle
 12371 | D:11     | Killed a boulder beetle
 12879 | D:11     | Found a one-way gate to the infinite horrors of the Abyss.
 12879 | D:11     | Noticed martbhell's ghost (journeyman MiBe)
 12890 | D:11     | Noticed a thrashing horror
 12891 | D:11     | Found a transporter.
 12899 | D:11     | Noticed a brown ugly thing
 13082 | D:11     | Killed a brown ugly thing
 13132 | D:11     | Found a transporter.
 13186 | D:11     | Noticed a two-headed ogre
 13195 | D:11     | Killed a two-headed ogre
 13367 | Lair:1   | Entered Level 1 of the Lair of Beasts
 13380 | Lair:1   | You fall into a shaft and drop 1 floor!
 13425 | Lair:2   | Reached skill level 7 in Dodging
 13489 | Lair:2   | Noticed a seven-headed hydra
 13702 | Lair:1   | Reached XP level 12. HP: 49/92 MP: 10/22
 14266 | Lair:1   | Reached skill level 5 in Evocations
 14524 | Lair:1   | Noticed a catoblepas
 14556 | Lair:1   | Killed a catoblepas
 15498 | Lair:2   | Noticed Erica
 15648 | Lair:2   | Killed Erica
 15655 | Lair:2   | Found a staircase to the Shoals.
 16011 | Lair:2   | Reached skill level 8 in Dodging
 16159 | Lair:2   | Reached XP level 13. HP: 101/101 MP: 25/25
 16787 | Lair:2   | Found a hole to the Spider Nest.
 16912 | Lair:3   | Noticed Sonja
 16916 | Lair:3   | Killed Sonja
 17125 | Lair:3   | Identified a scroll of acquirement
 17131 | Lair:3   | Acquired a book of Touch
 17139 | Lair:3   | Learned a level 3 spell: Confusing Touch
 18493 | Lair:3   | Reached skill level 10 in Hexes
 18608 | Lair:3   | Learned a level 4 spell: Manifold Assault
 19389 | Lair:4   | Learned a level 2 spell: Ensorcelled Hibernation
 19925 | Lair:4   | Found a staircase to the Slime Pits.
 19925 | Lair:4   | Found a viscous altar of Jiyva.
 20972 | Lair:5   | Entered Level 5 of the Lair of Beasts
 21262 | Lair:5   | Gained mutation: You are mostly covered in razor-sharp
                  | scales. (AC +2, Slay +2) [demonic ancestry]
 21262 | Lair:5   | Reached XP level 14. HP: 108/109 MP: 7/26
 21656 | Lair:5   | Noticed Urug
 21663 | Lair:5   | Killed Urug
 21707 | Lair:5   | Reached skill level 10 in Fighting
 21863 | Lair:5   | Reached skill level 5 in Translocations
 22658 | Lair:5   | Found a large runed translucent door.
 22699 | Lair:5   | Reached skill level 9 in Dodging
 23300 | Lair:5   | Found a large runed translucent door.
 23343 | Lair:5   | Upgraded the game from 0.32-a0 to 0.32-a0-12-g7fc57aa741
 25357 | D:11     | Bought a potion of brilliance for 64 gold pieces
 25357 | D:11     | Bought a potion of mutation for 128 gold pieces
 25357 | D:11     | Bought a potion of berserk rage for 80 gold pieces
 25357 | D:11     | Bought 2 potions of cancellation for 256 gold pieces
 25629 | D:12     | Found a hide-covered altar of Uskayaw.
 25634 | D:12     | Identified the +9 shortbow "Kauc" {freeze, rPois rC++}
 25666 | D:12     | Found Mowyogic's Antique Weapon Shoppe.
 26274 | D:12     | Got Sif Muna's Volume of Austromancy and Traumaturgy
 26860 | D:12     | Found a staircase to the Orcish Mines.
 27158 | Orc:1    | Entered Level 1 of the Orcish Mines
 27179 | Orc:1    | Noticed an orc warlord
 27215 | Orc:1    | Killed an orc warlord
 28089 | Orc:2    | Entered Level 2 of the Orcish Mines
 28839 | Orc:2    | Reached skill level 10 in Stealth
 28894 | Orc:2    | Reached skill level 10 in Short Blades
 29184 | Orc:2    | Found a staircase to the Elven Halls.
 29419 | Orc:2    | Gained mutation: You are completely covered in razor-sharp
                  | scales. (AC +3, Slay +3) [demonic ancestry]
 29419 | Orc:2    | Reached XP level 15. HP: 107/117 MP: 23/28
 29844 | Orc:2    | Paralysed by an ogre mage for 5 turns
 30081 | Orc:2    | Reached skill level 10 in Dodging
 30696 | Orc:2    | Found a bloodstained altar of Trog.
 30723 | Orc:2    | Found Neodd's Magic Scroll Shop.
 30833 | Orc:2    | Bought a scroll of fear for 64 gold pieces
 30833 | Orc:2    | Bought 2 scrolls of fear for 128 gold pieces
 30833 | Orc:2    | Bought 3 scrolls of identify for 96 gold pieces
 30863 | Orc:2    | Found Viduwor's Armour Shop.
 30877 | Orc:2    | Bought the +2 pair of slick slippers {slick, slippery,
                  | EV+4} for 324 gold pieces
 30877 | Orc:2    | Found the +2 pair of slick slippers {slick, slippery, EV+4}
 31248 | Orc:2    | Found Seiride's Distillery.
 31253 | Orc:2    | Bought a potion of magic for 112 gold pieces
 31253 | Orc:2    | Bought a potion of curing for 42 gold pieces
 31253 | Orc:2    | Bought a potion of heal wounds for 70 gold pieces
 31407 | D:12     | Bought a runed rapier for 196 gold pieces
 31407 | D:12     | Bought a runed rapier for 196 gold pieces
 31459 | D:13     | Noticed Frances
 31586 | D:13     | Killed Frances
 31783 | D:13     | Noticed Kirke
 31815 | D:13     | Killed Kirke
 32105 | D:13     | Noticed Rupert
 32117 | D:13     | Killed Rupert
 32739 | D:14     | Reached skill level 10 in Spellcasting
 32872 | D:14     | Found a broken altar of Ashenzari.
 33273 | D:14     | Found a gate to the Vaults.
 33701 | D:14     | Identified the +0 plate armour of Space {Str+3}
 33995 | D:15     | Entered Level 15 of the Dungeon
 34525 | D:15     | Got the Tractate on the Postmortem Arsonist
 34614 | D:15     | Found a shimmering altar of Xom.
 34642 | D:15     | Reached skill level 11 in Dodging
 34693 | D:15     | Noticed Nessos
 35241 | D:15     | Reached XP level 16. HP: 126/126 MP: 27/30
 35614 | D:15     | Found a staircase to the Depths.
 36191 | Spider:1 | Entered Level 1 of the Spider Nest
 36226 | Spider:1 | Found a glacial archway.
 36462 | IceCv    | Entered an ice cave
 37347 | IceCv    | Gained mutation: You have sharp toenails. [a neqoxec]
 37794 | IceCv    | Identified the ring "Sead" {Ice +Blink rElec}
 38018 | IceCv    | Identified the +1 ice dragon scales of the Lute {rF- rC++
                  | Will+ Str+2 Stlth+}
 40707 | Spider:2 | Reached skill level 12 in Dodging
 43044 | Spider:2 | Gained mutation: You regenerate magic rapidly. [demonic
                  | ancestry]
 43044 | Spider:2 | Reached XP level 17. HP: 132/134 MP: 14/32
 43803 | Spider:2 | Identified the +9 orcbow "Zypici" {flame, rElec Str+4 Dex-3
                  | SInv}
 44273 | Spider:3 | Paralysed by a jorogumo for 3 turns
 45468 | Spider:4 | Entered Level 4 of the Spider Nest
 46034 | Spider:4 | Reached skill level 13 in Dodging
 48283 | Spider:4 | Got a gossamer rune of Zot
 48630 | Elf:1    | Entered Level 1 of the Elven Halls
 49870 | Elf:1    | Learned a level 7 spell: Enfeeble
 50313 | Elf:1    | Gained mutation: When hurt, damage is shared between your
                  | health and your magic reserves. [demonic ancestry]
 50313 | Elf:1    | Reached XP level 18. HP: 69/143 MP: 7/33
 50327 | Elf:1    | Reached skill level 1 in Armour
 50686 | Shoals:1 | Entered Level 1 of the Shoals
 53584 | Shoals:1 | Bought a runed helmet for 255 gold pieces
 54423 | Shoals:1 | Bought a fine leather armour for 238 gold pieces
 54423 | Shoals:1 | Identified the +1 leather armour "Meist" {-Cast Rampage
                  | rPois} (You bought it in a shop on level 1 of the Shoals)
 54747 | Shoals:3 | Identified the +0 leather armour "Siev" {MP+9 Str+2}
 55016 | Shoals:3 | Found a flickering gateway to a bazaar.
 55022 | Bazaar   | Entered a bazaar
 55022 | Bazaar   | Found Fasaun's General Store.
 55030 | Bazaar   | Found Fabalaze's Book Boutique.
 55038 | Bazaar   | Found Etwupty's Antique Weapon Boutique.
 55049 | Bazaar   | Found Pereedeyfo's Distillery.
 55072 | Bazaar   | Found Necvann's Antique Armour Shop.
 55100 | Bazaar   | Bought a scroll of blinking for 112 gold pieces
 55160 | Shoals:3 | Reached skill level 14 in Dodging
 55459 | Shoals:3 | Found a runed translucent gate.
 55493 | Shoals:3 | Found a runed translucent gate.
 55493 | Shoals:3 | Found a runed translucent gate.
 56312 | Shoals:4 | Entered Level 4 of the Shoals
 58001 | Shoals:4 | Killed from afar by a daeva

Illustrated notes

Levels and vault maps discovered:
D:1:      dpeg_cavernosity, layout_basic
D:2:      layout_basic, minmay_misc_feat_four_crosses, st_stairs_9
D:3:      layout_loops_ring, serial_shops, nicolae_shop_real_fake_doors,
          minmay_statues_item, minmay_misc_feat_hallway, minmay_lizard_king
D:4:      layout_basic, lemuel_tele_altar
D:5:      cheibrodos_two_vegetables, layout_basic, uniq_sigmund, uniq_eustachio,
          uniq_duvessa
D:6:      layout_loops_corners, nicolae_gozag_cash_rules_everything_around_me,
          minmay_temple_entry_proselytizer, nicolae_ossuary_entry_plus
D:7:      layout_basic, grunt_temple_overflow_open, nicolae_overflow_squiral,
          enter_bailey_8, nicolae_have_a_lightning_rod
D:8:      minmay_cornered_nines, layout_rooms, serial_rivers,
          chequers_serial_rivers_large_b, chequers_serial_rivers_small_3,
          chequers_serial_rivers_large_a, chequers_serial_rivers_micro_d,
          chequers_serial_rivers_micro_a, chequers_serial_rivers_room_b,
          special_room [special_room_orc], eino_jars
D:9:      layout_loops_ring
D:10:     layout_layer_cave, nicolae_overflow_crystal_walls,
          grunt_qazlal_clouds, hellmonk_lair_entry_icy,
          ebering_ghost_disaster_area
D:11:     layout_basic, gammafunk_ghost_abyssal_escape, kb_rosetta
D:12:     minmay_the_grid_octo_2x2 [minmay_the_grid_octo_concentric,
          minmay_the_grid_octo_fat_diamond, minmay_the_grid_octo_teeth,
          minmay_the_grid_octo_prize_big_c], layout_long_grid, serial_shops,
          shop, eat_drink_and_be_merry_uskayaw
D:13:     layout_basic, minmay_misc_feat_nine_boxes, uniq_frances, uniq_rupert,
          uniq_kirke
D:14:     layout_roguey, david_vaults_2, nicolae_ashenzari_skybound
D:15:     grunt_enter_depths_hoard, layout_gridville, xom_teletrap_fun,
          uniq_nessos
Lair:1:   layout_regular_city, beast_lair_carwin_5, serial_bayou_shore_b
Lair:2:   layout_chaotic_city, elwin_shoals_entry_rocks,
          nicolae_spider_entry_orb_guardian, infiniplex_staircase_pool_2,
          grunt_megastairs_2, serial_bayou_shore_a, lemuel_fruit_tree,
          lemuel_fruit_fields, uniq_erica
Lair:3:   kb_forest_paths, layout_regular_city, uniq_sonja
Lair:4:   layout_regular_city, slime_entry_1, small_statue_intersection,
          nicolae_quartered_pool_little
Lair:5:   cheibrodos_lair_end_hotspot, layout_regular_city, uniq_urug
Shoals:1: layout_shoals, nicolae_shoals_circle_sea_wall
Shoals:2: layout_shoals, nicolae_shoals_nautilus_by_nature
Shoals:3: layout_shoals, serial_shops, bzr_entry_road,
          nicolae_shoals_beach_cooler
Shoals:4: shoals_end_hellmonk_holy_island, serial_shops
Spider:1: layout_chambers, portal_ice_cave_entry_ice_statue_two
Spider:2: spiders_nest_a, guppyfry_spider_mini_1
Spider:3: layout_spider_delve, drop_trap
Spider:4: grunt_spider_rune_circles, nicolae_spider_twisty_arc_passages
Orc:1:    layout_caves
Orc:2:    st_orc_town, layout_caves, basic_altar
Elf:1:    layout_loops_cross, basic_altar, minmay_elf_annihilation, uniq_aizul

Skill      XL: |  1  2  3  4  5  6  7  8  9 10 11 12 13 14 15 16 17 18 |
---------------+-------------------------------------------------------+-----
Dodging        | 2 3 4 5 6 7 8 9 11 12 13 14 | 14.3
Short Blades   | 3 4 5 6 7 8 9 10 11 12 | 12.5
Fighting       | 3 4 5 6 7 8 9 10 11 12 13 | 13.6
Stealth        | 1 2 3 4 5 6 7 8 9 10 11 12 13 | 13.0
Spellcasting   | 3 4 5 6 7 8 9 10 11 12 | 12.1
Translocations | 1 3 4 6 7 8 9 |  9.6
Hexes          | 2 5 7 9 10 11 12 13 | 13.8
Evocations     | 1 3 4 5 7 |  7.0
Armour         | 3 |  3.3
Conjurations   | |  3.1

Action                     |  1- 3 |  4- 6 |  7- 9 | 10-12 | 13-15 | 16-18 || total
---------------------------+-------+-------+-------+-------+-------+-------++-------
  Melee: Short sword       |   103 |    37 |       |       |       |       ||   140
         Punch             |     1 |     1 |     7 |    15 |    25 |    25 ||    74
         Touch             |     7 |    28 |   111 |   235 |   397 |   346 ||  1124
         Dagger            |       |   139 |   458 |   910 |  1559 |       ||  3066
         Rapier            |       |       |       |       |   359 |  2251 ||  2610
   Cast: Kiss of Death     |     2 |       |       |       |       |       ||     2
         Lesser Beckoning  |       |       |     3 |     1 |     5 |    46 ||    55
         Magic Dart        |       |       |    15 |       |       |       ||    15
         Blink             |       |       |     3 |       |       |     1 ||     4
         Jinxbite          |       |       |     2 |   101 |   141 |   130 ||   374
         Manifold Assault  |       |       |       |       |   189 |   527 ||   716
         Confusing Touch   |       |       |       |       |    31 |   136 ||   167
         Yara's Violent Un |       |       |       |       |     4 |    15 ||    19
         Enfeeble          |       |       |       |       |       |    12 ||    12
 Invoke: Call Merchant     |       |       |       |       |     5 |     2 ||     7
         Potion Petition   |       |       |       |       |     1 |     6 ||     7
  Evoke: Wand              |       |       |     7 |     3 |    31 |    26 ||    67
         Sack of spiders   |       |       |       |     1 |     2 |     2 ||     5
         Phantom mirror    |       |       |       |     1 |     1 |     1 ||     3
         Condenser vane    |       |       |       |       |     2 |       ||     2
         Lightning rod     |       |       |       |       |       |     4 ||     4
    Use: Scroll            |     1 |       |    13 |     1 |    27 |    15 ||    57
         Potion            |       |       |     6 |     2 |     6 |     8 ||    22
   Stab: Sleeping          |       |       |     5 |     8 |    23 |    25 ||    61
         Distracted        |       |       |     3 |     7 |     6 |     6 ||    22
         Paralysed         |       |       |       |     1 |     4 |       ||     5
         Petrified         |       |       |       |     3 |     4 |       ||     7
         Confused          |       |       |       |       |    21 |    83 ||   104
         Invisible         |       |       |       |       |       |     7 ||     7
 Armour: Leather armour    |    67 |    67 |    31 |       |       |       ||   165
         Robe              |       |       |   136 |   315 |   569 |   744 ||  1764
  Dodge: Dodged            |    71 |    69 |   225 |   439 |   868 |  1190 ||  2862

Table legend: (Time is in decaauts)
 A = Elapsed time spent in this place.
 B = Non-inter-level travel time spent in this place.
 C = Inter-level travel time spent in this place.
 D = Time resting spent in this place.
 E = Time spent auto-exploring this place.
 F = Levels seen in this place.
 G = Mean time per level.
                   A        B        C        D        E       F      G
               +--------+--------+--------+--------+--------+-----+--------+
         Total |  55639 |  52756 |   2883 |  16047 |  25912 |  35 | 1589.7 |
       Dungeon |  19916 |  18241 |   1675 |   3669 |  11295 |  15 | 1327.7 |
          Lair |  10698 |  10162 |    536 |   1927 |   6745 |   5 | 2139.6 |
        Shoals |   6755 |   6619 |    136 |   2507 |   2337 |   4 | 1688.8 |
   Spider Nest |  10167 |   9847 |    320 |   4165 |   3728 |   4 | 2541.8 |
  Orcish Mines |   4213 |   3999 |    214 |   1937 |   1293 |   2 | 2106.5 |
   Elven Halls |    896 |    896 |      0 |    416 |    226 |   1 |  896.0 |
        Bazaar |    103 |    103 |      0 |      0 |     49 |   1 |  103.0 |
       Ossuary |    233 |    233 |      0 |     12 |    116 |   1 |  233.0 |
        Bailey |    734 |    734 |      0 |    136 |     52 |   1 |  734.0 |
      Ice Cave |   1920 |   1920 |      0 |   1274 |     69 |   1 | 1920.0 |
               +--------+--------+--------+--------+--------+-----+--------+

Top non-repeatable levels by time:
Spider:1: 3592 daAuts
  Lair:5: 3126 daAuts
   Orc:2: 2763 daAuts
Spider:4: 2697 daAuts
  Lair:3: 2493 daAuts
    D:12: 2118 daAuts
Spider:2: 2092 daAuts
     D:5: 2088 daAuts
Shoals:1: 2033 daAuts
Shoals:3: 2030 daAuts
  Lair:1: 1984 daAuts
   IceCv: 1920 daAuts
     D:8: 1892 daAuts
Spider:3: 1785 daAuts
  Lair:2: 1758 daAuts
